 Dungeon Crawl Stone Soup version 0.23-b1-51-gfe822ef6ca (webtiles) character file.

Game seed: 18420178956496670595

186 Oravi the Chopper (level 5, -10/49 HPs)
             Began as a Naga Warper on Feb 4, 2019.
             Killed by divine providence
             ... invoked by an orc priest
              (16 damage)
             ... on level 2 of the Dungeon.
             The game lasted 00:12:21 (3415 turns).

Oravi the Chopper (Naga Warper)                     Turns: 3415, Time: 00:12:23

Health: -10/49     AC:  4    Str: 14    XL:     5   Next: 66%
Magic:  8/8        EV:  8    Int: 14    God:
Gold:   69         SH:  0    Dex: 10    Spells: 4/8 levels left

rFire    . . .     SeeInvis +   a - +0 hand axe
rCold    . . .     Gourm    .   (no shield)
rNeg     . . .     Faith    .   c - +0 ring mail (curse)
rPois    +         Spirit   .   (no helmet)
rElec    .         Reflect  .   (no cloak)
rCorr    +         Harm     .   (no gloves)
MR       .....                  (no barding)
Stlth    +.........             (no amulet)
HPRegen  0.16/turn              w - ring of resist corrosion
MPRegen  0.11/turn              h - ring of stealth

@: very slow
A: large, see invisible, deformed body, poison resistance, slowness 2, slow
metabolism 1, spit poison 1, AC +1
a: Spit Poison


You were on level 2 of the Dungeon.
You were hungry.

You visited 1 branch of the dungeon, and saw 3 of its levels.

You collected 69 gold pieces.

Inventory:

Hand Weapons
 a - a +0 hand axe (weapon)
 r - a cursed -3 dagger
Missiles
 e - 5 tomahawks of dispersal
 m - 68 stones (quivered)
 n - 54 arrows
 p - 19 poisoned needles
Armour
 b - a +0 leather armour
 c - a cursed +0 ring mail (worn)
Jewellery
 h - a ring of stealth (right hand)
 w - a ring of resist corrosion (left hand)
Scrolls
 d - a scroll of blinking
 k - a scroll of identify {unknown}
 s - a scroll of magic mapping {unknown}
 t - a scroll of amnesia {unknown}
Potions
 g - a potion of curing {@q1}
 i - a potion of cancellation {unknown}
 j - a potion of lignification {unknown}
 l - a potion of might {unknown}
 o - a potion of heal wounds {unknown}
 q - a potion of brilliance {unknown}
 u - a potion of haste {unknown}
Comestibles
 f - 4 rations
 v - 4 chunks of flesh


   Skills:
 + Level 3.4 Fighting
 * Level 4.3 Axes
 - Level 0.8 Throwing
 - Level 0.7 Armour
 - Level 1.5 Dodging
 - Level 2.0 Spellcasting
 + Level 3.7 Translocations


You had 4 spell levels left.
You knew the following spells:

 Your Spells              Type           Power        Failure   Level  Hunger
a - Blink                 Tloc           N/A          16%         2    ###....
b - Shroud of Golubria    Chrm/Tloc      #.........   34%         2    ###....

Your spell library contained the following spells:

 Spells                   Type           Power        Failure   Level  Hunger
 Gell's Gravitas          Tloc           ##........   32%         3    ####...
 Lesser Beckoning         Tloc           ##........   32%         3    ####...
 Teleport Other           Tloc           ##......     32%         3    ####...
 Magic Dart               Conj           #...         43%         1    ##.....
 Searing Ray              Conj           #.....       58%         2    ###....
 Passage of Golubria      Tloc           N/A          71%         4    #####..
 Dazzling Spray           Conj/Hex       #.....       82%         3    ####...
 Force Lance              Conj/Tloc      #.......     92%         4    #####..
 Fulminant Prism          Conj/Hex       #.........   99%         4    #####..
 Iskenderun's Mystic Bla  Conj           #.......     99%         4    #####..


Dungeon Overview and Level Annotations

Branches:
Dungeon (3/15)

Altars:

Annotations:
D:3 1 exclusion


Innate Abilities, Weirdness & Mutations

You cannot wear boots.
Your serpentine skin is tough. (AC +1)
You have supernaturally acute eyesight. (SInv)
Armour fits poorly on your strangely shaped body.
Your system is resistant to poisons. (rPois)
You cover ground very slowly.
You have a slow metabolism.
You can spit poison.


Message History

The splash of poison hits the orc priest but does no damage.
The orc priest is poisoned.
The orc priest is severely wounded.
You feel slightly more hungry.
The orc priest hits you but does no damage.
You hit the orc priest but do no damage.
The orc priest is severely wounded.
The orc priest invokes the aid of Beogh against you.
Pain shoots through your body!
* * * LOW HITPOINT WARNING * * *
You closely miss the orc priest.
The orc priest is heavily wounded.
The orc priest barely misses you.
You hit the orc priest but do no damage.
The orc priest is heavily wounded.
You have got your breath back.
The orc priest looks more healthy.
The orc priest invokes the aid of Beogh against you.
Beogh smites you!
You die...

...........###...###.##.#.##.....
###.##.#.#.##...........#.##.....
............#....###.####.####.#.
###............................(.
# #.##.#.#..#.##.##..###.........
# #.##.#.#..#.##.##..# #..####.#.
# #.##.#.#..#.##.##..###.........
# #.##.#.#.....o................#
###.##.#.#..#.##@##.......##.....
.........#.......................
.....................###.........
.........#..#.####...........##..
.........#..#.####.#)###.###.##..
.......................#.........
.......................#.###.##..
............#.####...#.#.# #.###.
.........#..#....#...#.#.# #.# #.


You could see an orc priest.

Vanquished Creatures
  An orc wizard (D:3)
  4 adders
  4 gnolls (D:3)
  3 oozes
  2 worms
  2 dart slugs
  4 orcs (D:3)
  A ball python (D:3)
  2 giant cockroaches
  6 goblins
  8 hobgoblins
  7 jackals
  A quokka (D:2)
  2 bats (D:1)
  4 frilled lizards
  5 kobolds
  4 rats
60 creatures vanquished.

Notes
Turn   | Place    | Note
-------+----------+-------------------------------------------
     0 | D:1      | Oravi the Naga Warper began the quest for the Orb.
     0 | D:1      | Reached XP level 1. HP: 19/19 MP: 3/3
   102 | D:1      | Reached XP level 2. HP: 22/26 MP: 5/5
   458 | D:1      | Reached skill level 3 in Axes
   504 | D:1      | Learned a level 2 spell: Blink
   507 | D:1      | Learned a level 2 spell: Shroud of Golubria
   527 | D:1      | Reached XP level 3. HP: 33/33 MP: 6/6
  1167 | D:2      | Reached XP level 4. HP: 32/40 MP: 7/7
  2617 | D:3      | Reached skill level 4 in Axes
  2617 | D:3      | Reached XP level 5. HP: 9/49 MP: 8/8
  3415 | D:2      | Killed from afar by an orc priest

Skill      XL: |  1  2  3  4 |
---------------+-------------+-----
Axes           | 3 4 |  4.3
Fighting       | 3 |  3.4
Throwing       | |  0.8
Armour         | |  0.7
Dodging        | |  1.5
Spellcasting   | |  2.0
Translocations | |  3.7

Action                   |  1- 3 |  4- 6 || total
-------------------------+-------+-------++-------
Melee: Hand axe          |    90 |   138 ||   228
Throw: Stone             |       |     3 ||     3
 Abil: Spit Poison       |    12 |    16 ||    28
  Use: Potion            |       |     3 ||     3
 Stab: Sleeping          |       |     1 ||     1
  Eat: Chunk             |       |     7 ||     7
Armor: Leather armour    |    12 |       ||    12
       Ring mail         |    11 |    33 ||    44
Dodge: Dodged            |    42 |    49 ||    91
